 Dungeon Crawl Stone Soup version 0.22.1-2-g9c5b331383 (webtiles) character file.

5822 Gargoyl the Cleaver (level 10, 0/129 HPs)
             Began as a Centaur Abyssal Knight on Dec 27, 2018.
             Was a Priest of Lugonu.
             Succumbed to Erica's bolt of poison
             ... on level 9 of the Dungeon.
             The game lasted 00:21:46 (11864 turns).

Gargoyl the Cleaver (Centaur Abyssal Knight)       Turns: 11864, Time: 00:21:47

Health: 0/129      AC: 25    Str: 16    XL:     10   Next: 51%
Magic:  15/15      EV:  1    Int: 18    God:    Lugonu [***...]
Gold:   525        SH:  0    Dex: 11    Spells: 9/9 levels left

rFire    . . .     SeeInvis .   a - +1 hand axe
rCold    . . .     Gourm    .   (no shield)
rNeg     + + +     Faith    .   (armour currently unavailable)
rPois    +         Spirit   .   (helmet currently unavailable)
rElec    .         Reflect  .   (cloak currently unavailable)
rCorr    +         Harm     .   (gloves currently unavailable)
MR       +....     NoTele   +   (no barding)
Stlth    +.........             l - amulet of regeneration
HPRegen  0.71/turn              q - ring of flight
MPRegen  0.14/turn              t - ring of resist corrosion

@: brilliant, lethally poisoned (0 -> -2), tree-form
A: large, clever 1, magic resistance 1, MP-powered wands
a: Depart the Abyss, Bend Space, Banish, Renounce Religion


You were on level 9 of the Dungeon.
You worshipped Lugonu.
Lugonu was most pleased with you.
You were not hungry.
You were a tree.
You visited 1 branch of the dungeon, and saw 9 of its levels.
You visited the Abyss 1 time.

You collected 525 gold pieces.

Inventory:

Hand Weapons
 a - a +1 hand axe (weapon)
 x - a +1 shortbow of velocity
Missiles
 C - 54 arrows
Armour
 b - a +2 leather armour (melded)
 n - a +1 cloak (melded)
Jewellery
 l - an amulet of regeneration (around neck)
 q - a ring of flight (left branch)
 t - a ring of resist corrosion (right branch)
 z - the amulet of Rig Reall {Reflect rC++ SH+3}
   (You found it on level 5 of the Dungeon)

   [amulet of reflection]

   It shields you and reflects attacks.
   It greatly protects you from cold.
   It affects your SH (+3).
 F - an uncursed ring of stealth {unknown}
Wands
 e - a wand of flame (47)
 g - a wand of iceblast (24)
 h - a wand of clouds (4)
 G - a wand of paralysis (7)
 H - a wand of enslavement (16)
Scrolls
 d - 2 scrolls of amnesia
 f - a scroll of fear
 j - a scroll of vulnerability {unknown}
 k - 13 scrolls of identify
 m - 5 scrolls of remove curse
 o - a scroll of immolation
 u - a scroll of fog
 y - a scroll of enchant weapon {unknown}
 D - a scroll of blinking
Potions
 i - a potion of flight
 p - 2 potions of resistance
 r - a potion of mutation
 s - a potion of magic
 w - a potion of invisibility
 A - a potion of agility
 E - a potion of lignification
 I - a potion of haste
Comestibles
 c - 17 rations


   Skills:
 + Level 7.2 Fighting
 + Level 8.1 Axes
 + Level 6.0 Bows
 * Level 5.2 Armour
 + Level 3.8 Dodging
 * Level 7.3 Invocations
 + Level 0.5 Evocations


You had 9 spell levels left.
You didn't know any spells.
Your spell library contained the following spells:

 Spells                   Type           Power        Failure   Level  Hunger
 Sandblast                Erth           ##....       2%          1    ##.....
 Passwall                 Tmut/Erth      ##......     4%          2    ###....
 Stone Arrow              Conj/Erth      ##....       8%          3    ####...
 Petrify                  Tmut/Erth      ##......     22%         4    #####..
 Lee's Rapid Deconstruct  Erth           ##........   47%         5    ######.


Dungeon Overview and Level Annotations

Branches:
Dungeon (9/15)             Temple (0/1) D:7
   Lair: D:8-11         Orc: D:9-12

Altars:
Nemelex Xobeh
Vehumet

Annotations:
D:9 Erica


Innate Abilities, Weirdness & Mutations

((You have hooves in place of feet.))
((Armour fits poorly on your strangely shaped body.))
((You cover ground very quickly.))
((You have extremely tough skin. (AC +3)))
((You are partially covered in icy blue scales. (AC +2)))
Your mind is acute. (Int +2)
((Your flesh is heat resistant. (rF+)))
You are resistant to hostile enchantments. (MR+)
You expend magic power (3 MP) to strengthen your wands.


Message History

Unknown command.
You closely miss something.
* * * LOW HITPOINT WARNING * * *
You feel sick.
You hear some strange, mumbled words.
A bolt of poison appears from out of thin air!
The bolt of poison hits you! You resist.
You barely miss something.
* * * LOW HITPOINT WARNING * * *
You feel sick. Something hits you but does no damage.
You hit something.
* * * LOW HITPOINT WARNING * * *
You feel sick.
Unknown command.
Unknown command.
You miss something.
* * * LOW HITPOINT WARNING * * *
You feel sick. Something hits you but does no damage.
You miss something.
You die...

..(.. .... ... .(. #(#
#(# ##{###### ###
#.♣.....# ...
#.#####.######.#
#.###.).#<..'..#...#
#...'†#.#.#.##..)#
#####.#...#.####.......
######### ########


There were no monsters in sight!

Vanquished Creatures
  A two-headed ogre (D:8)
  The ghost of izoki the Cleaver, a novice MiFi of Okawaru (D:7)
  Sigmund (D:6)
  The ghost of iVAG the Cudgeler, an amateur MiFi (D:3)
  A fire bat (D:6)
  A hungry ghost (D:7)
  A large abomination (Abyss:3)
  Menkaure (D:7)
  A water moccasin (D:6)
  3 orc warriors
  3 sky beasts (D:7)
  3 phantoms
  An ice beast (D:5)
  2 black bears
  A necrophage (D:8)
  8 ogres
  3 centaurs
  3 bullfrogs
  2 scorpions (D:7)
  5 killer bees
  3 howler monkeys (D:9)
  3 crimson imps
  A quasit (D:7)
  A centaur skeleton (D:5)
  An orc priest (D:9)
  3 hounds
  2 jellies
  5 orc wizards
  2 bullfrog skeletons
  Ijyb (D:3)
  5 worker ants
  A spectral hound (D:7)
  A hound zombie (D:8)
  3 worker ant zombies (D:7)
  3 gnolls (D:5)
  A howler monkey skeleton (D:7)
  8 adders
  2 shadow imps (D:5)
  4 oozes
  An adder skeleton (D:8)
  An adder zombie (D:7)
  2 leopard geckos
  21 orcs
  4 bats (D:1)
  4 giant cockroaches
  5 hobgoblins
  3 jackals
  5 kobolds
  4 quokkas
  2 frilled lizards
  A goblin (D:1)
  A jackal skeleton (D:5)
  A leopard gecko skeleton (D:4)
  A quokka skeleton (D:8)
  5 rats
154 creatures vanquished.

Vanquished Creatures (others)
  A two-headed ogre (D:8)
  A killer bee (D:7)
2 creatures vanquished.

Grand Total: 156 creatures vanquished

Notes
Turn   | Place    | Note
-------+----------+-------------------------------------------
     0 | Abyss:1  | Gargoyl the Centaur Abyssal Knight began the quest for the
                  | Orb.
     0 | Abyss:1  | Reached XP level 1. HP: 19/19 MP: 2/2
     5 | Abyss:2  | Found a corrupted altar of Lugonu.
    63 | Abyss:2  | Noticed a hellion
    66 | Abyss:3  | Found a corrupted altar of Lugonu.
   115 | Abyss:3  | Noticed a large abomination
   119 | Abyss:3  | Noticed a hellwing
   121 | Abyss:3  | Killed a large abomination
   121 | Abyss:3  | Reached skill level 2 in Axes
   121 | Abyss:3  | Reached XP level 2. HP: 28/28 MP: 3/3
   122 | Abyss:3  | Reached XP level 3. HP: 34/34 MP: 4/4
   122 | Abyss:3  | Reached XP level 4. HP: 41/41 MP: 5/5
   128 | D:1      | Escaped the Abyss
   294 | D:1      | Reached * piety under Lugonu
   371 | D:1      | Reached XP level 5. HP: 37/47 MP: 6/6
  1850 | D:3      | Noticed Ijyb
  1852 | D:3      | Paralysed by Ijyb for 3 turns
  1862 | D:3      | Paralysed by Ijyb for 2 turns
  1873 | D:3      | Paralysed by Ijyb for 2 turns
  1879 | D:3      | Paralysed by Ijyb for 5 turns
  1885 | D:3      | Killed Ijyb
  1885 | D:3      | Reached skill level 3 in Axes
  1976 | D:3      | Noticed a black bear
  1982 | D:3      | Killed a black bear
  1982 | D:3      | Reached skill level 5 in Fighting
  1982 | D:3      | Reached skill level 1 in Dodging
  1982 | D:3      | Reached XP level 6. HP: 45/56 MP: 6/8
  2001 | D:3      | Found a runed door.
  2005 | D:3      | Noticed iVAG's ghost (amateur MiFi)
  2277 | D:3      | Gained mutation: You are partially covered in icy blue
                  | scales. (AC +2) [potion of mutation]
  2277 | D:3      | Gained mutation: You are resistant to hostile enchantments.
                  | (MR+) [potion of mutation]
  2277 | D:3      | Gained mutation: You are frail. (-10% HP) [potion of
                  | mutation]
  2277 | D:3      | Gained mutation: You expend magic power (3 MP) to
                  | strengthen your wands. [potion of mutation]
  2311 | D:3      | Killed iVAG's ghost
  2502 | D:4      | Lost mutation: You are frail. (-10% HP) [potion of
                  | mutation]
  2502 | D:4      | Gained mutation: Your mind is acute. (Int +2) [potion of
                  | mutation]
  2502 | D:4      | Gained mutation: Your flesh is heat resistant. (rF+)
                  | [potion of mutation]
  2939 | D:5      | Entered Level 5 of the Dungeon
  2969 | D:5      | Reached XP level 7. HP: 61/61 MP: 9/9
  2980 | D:5      | Reached skill level 4 in Axes
  3112 | D:5      | Reached ** piety under Lugonu
  3405 | D:5      | Got a wavering bone amulet
  3470 | D:5      | Identified the amulet of Rig Reall {Reflect rC++ SH+3} (You
                  | found it on level 5 of the Dungeon)
  4316 | D:6      | Noticed Sigmund
  4330 | D:6      | Killed Sigmund
  4330 | D:6      | Reached skill level 5 in Axes
  4330 | D:6      | Reached XP level 8. HP: 65/69 MP: 11/11
  4859 | D:6      | Found a transporter.
  5137 | D:6      | Found a transporter.
  5803 | D:6      | Reached skill level 6 in Axes
  5803 | D:6      | Reached skill level 5 in Invocations
  6076 | D:7      | Found a sparkling altar of Nemelex Xobeh.
  6255 | D:7      | Found a staircase to the Ecumenical Temple.
  6492 | D:7      | Reached skill level 1 in Bows
  6634 | D:7      | Reached XP level 9. HP: 75/75 MP: 11/13
  6716 | D:7      | Found a runed gate.
  6718 | D:7      | Found a runed gate.
  6718 | D:7      | Found a runed gate.
  6719 | D:7      | Noticed izoki's ghost (novice MiFi)
  7058 | D:7      | Noticed Menkaure
  7070 | D:7      | Killed Menkaure
  7514 | D:7      | Killed izoki's ghost
  7517 | D:7      | Reached skill level 5 in Bows
  8047 | D:7      | Reached *** piety under Lugonu
  8047 | D:7      | Reached skill level 7 in Axes
  8433 | D:8      | Noticed a two-headed ogre
  8695 | D:8      | Found a radiant altar of Vehumet.
  9331 | D:8      | Noticed a two-headed ogre
  9344 | D:8      | HP: 2/78 [two-headed ogre/giant spiked club (31)]
  9352 | D:8      | HP: 1/78 [quokka (3)]
  9363 | D:8      | Killed a two-headed ogre
  9363 | D:8      | Reached XP level 10. HP: 29/84 MP: 13/15
  9727 | D:8      | Banished a two-headed ogre
  9727 | D:8      | Reached skill level 5 in Armour
 10981 | D:9      | HP: 1/86 [orc warrior/hand axe (4)]
 11559 | D:8      | HP: 3/86 [orc warrior/hand axe (16)]
 11702 | D:9      | Reached skill level 8 in Axes
 11821 | D:9      | Noticed Erica
 11856 | D:9      | HP: 6/129 [poisoned by Erica (bolt of poison)]
 11861 | D:9      | HP: 1/129 [poisoned by Erica (bolt of poison)]
 11864 | D:9      | Succumbed to Erica's bolt of poison

Skill      XL: |  1  2  3  4  5  6  7  8  9 10 |
---------------+-------------------------------+-----
Fighting       | 4 5 6 7 |  7.2
Axes           | 2 3 5 6 7 8 |  8.1
Armour         | 2 3 4 5 |  5.2
Dodging        | 1 2 3 |  3.8
Invocations    | 3 4 5 6 7 |  7.3
Bows           | 2 5 6 |  6.0
Evocations     | |  0.5

Action                   |  1- 3 |  4- 6 |  7- 9 | 10-12 || total
-------------------------+-------+-------+-------+-------++-------
Melee: Hand axe          |       |   173 |   448 |   224 ||   845
       Kick              |       |    36 |   100 |    62 ||   198
       Shortbow          |       |       |    12 |       ||    12
 Fire: Shortbow          |       |       |    81 |    10 ||    91
Invok: Depart the Abyss  |       |     1 |       |       ||     1
       Banish            |       |       |     1 |     1 ||     2
Evoke: Wand              |     5 |     2 |       |       ||     7
  Use: Scroll            |       |    13 |     4 |       ||    17
       Potion            |       |    11 |     7 |     3 ||    21
  Eat: Chunk             |       |     3 |    11 |     7 ||    21
       Ration            |       |       |     3 |     1 ||     4
Armor: Leather armour    |       |    84 |   294 |    59 ||   437
       Skin              |       |       |    20 |    11 ||    31
Dodge: Dodged            |       |   106 |   239 |    78 ||   423
Block: Other             |       |       |    67 |    13 ||    80
